 Dungeon Crawl Stone Soup version 0.29.1-15-g9cfb28693d (webtiles) character file.

Game seed: 16493002746458243464

30 Descartes the Conjurer (level 3, -2/26 HPs)
             Began as a Draconian Conjurer on Apr 16, 2023.
             Slain by an iguana (8 damage)
             ... on level 3 of the Dungeon.
             The game lasted 00:02:20 (1370 turns).

Descartes the Conjurer (Draconian Conjurer)         Turns: 1370, Time: 00:02:21

Health: -2/26      AC:  5    Str:  9    XL:     3   Next: 3%
Magic:  0/7        EV: 12    Int: 20    God:
Gold:   54         SH:  0    Dex:  9    Spells: 6/7 levels left

rFire   . . .      SeeInvis .   c - +0 flail
rCold   . . .      Faith    .   (no shield)
rNeg    . . .      Spirit   .   (body armour unavailable)
rPois   .          Reflect  .   (helmet restricted)
rElec   .          Harm     .   (no cloak)
rCorr   .          Rampage  .   (no gloves)
Will    .....                   (no boots)
Stlth   ++........              (no amulet)
HPRegen 0.08/turn               (no ring)
MPRegen 0.10/turn               (no ring)

@: no status effects
A: AC +5, unfitting armour, cold-blooded
a: no special abilities


You were on level 3 of the Dungeon.
You visited 1 branch of the dungeon, and saw 3 of its levels.

You collected 54 gold pieces.

Inventory:

Hand Weapons
 c - a +0 flail (weapon)
Scrolls
 b - a scroll of butterflies {unknown}
 d - a scroll of immolation {unknown}
Potions
 a - a potion of magic


   Skills:
 - Level 1.7 Dodging
 - Level 1.7 Stealth
 + Level 2.7 Spellcasting
 + Level 4.5 Conjurations


You had 6 spell levels left.
You knew the following spells:

 Your Spells              Type           Power      Damage    Failure   Level
a - Magic Dart            Conj           80%        1d7       2%          1

Your spell library contained the following spells:

 Spells                   Type           Power      Damage    Failure   Level
 Searing Ray              Conj           40%        2d5       3%          2
 Apportation              Tloc           4%         N/A       14%         1
 Conjure Flame            Conj/Fire      11%        6-21      17%         3
 Dazzling Flash           Conj/Hex       22%        N/A       17%         3
 Ignite Poison            Fire/Tmut/Pois 2%         N/A       41%         3
 Fulminant Prism          Conj/Hex       5%         3d7       50%         4
 Iskenderun's Mystic Bla  Conj/Tloc      11%        2d4       50%         4
 Sticky Flame             Conj/Fire      11%        2d3       50%         4
 Alistair's Intoxication  Tmut/Pois      1%         N/A       99%         5


Dungeon Overview and Level Annotations

Branches:
Dungeon (3/15)

Altars:


Innate Abilities, Weirdness & Mutations

Your plain brown scales are hard. (AC +5)
You cannot fit into any form of body armour.
You are cold-blooded and may be slowed by cold attacks.


Message History

You tail-slap the iguana, but do no damage.
The iguana is severely wounded.
The iguana barely misses you.
You hit the iguana but do no damage.
Your tail-slap misses the iguana.
The iguana is severely wounded.
The iguana barely misses you.
You barely miss the iguana.
The iguana is severely wounded.
The iguana barely misses you. The iguana bites you!
* * * LOW HITPOINT WARNING * * *
Unknown command.
You hit the iguana but do no damage.
The iguana is severely wounded.
The iguana bites you.
* * * LOW HITPOINT WARNING * * *
You hit the iguana.
The iguana is almost dead.
The iguana closely misses you. The iguana bites you.
* * * LOW HITPOINT WARNING * * *
Casting: Magic Dart (safe; 2% risk of failure)
Confirm with . or Enter, or press ? or * to list all spells.
Aiming: Magic Dart (safe; 2% risk of failure)
Press: ? - help, Shift-Dir - straight line, f/p - iguana
Aim: an iguana (almost dead, 100% to hit)
The magic dart hits the iguana.
The iguana is almost dead.
The iguana barely misses you.
Unknown command.
The iguana hisses menacingly.
You see here a +0 club.
The iguana attacks as you move away! The iguana misses you.
Casting: Magic Dart (safe; 2% risk of failure)
Confirm with . or Enter, or press ? or * to list all spells.
Aiming: Magic Dart (safe; 2% risk of failure)
Press: ? - help, Shift-Dir - straight line, f/p - iguana
Aim: an iguana (almost dead, 100% to hit)
The magic dart hits the iguana.
The iguana is almost dead.
The iguana bites you!
You die...

# ##+## ..
##...## ..#
##.....## ..
##...)...##
...##.#.........#
......'..)..l@.<+
...##.#.........#
# ##..†....##
##.....## ##...##
##+##


You could see an iguana.

Vanquished Creatures
  An adder (D:2)
  A dart slug (D:1)
  2 bats (D:1)
  An endoplasm (D:1)
  A giant cockroach (D:1)
  A goblin (D:3)
  A hobgoblin (D:1)
  3 jackals (D:1)
  A kobold (D:1)
  A frilled lizard (D:1)
  6 rats
19 creatures vanquished.

Notes
Turn   | Place    | Note
-------+----------+-------------------------------------------
     0 | D:1      | Descartes the Draconian Conjurer began the quest for the
                  | Orb.
     0 | D:1      | Reached XP level 1. HP: 14/14 MP: 3/3
   494 | D:1      | Reached XP level 2. HP: 20/20 MP: 0/5
  1302 | D:3      | Reached XP level 3. HP: 26/26 MP: 5/7
  1370 | D:3      | Slain by an iguana

Illustrated notes

Levels and vault maps discovered:
D:1:      dreamdust_arrival_sigmund_warning, layout_basic
D:2:      minmay_razor_zed, layout_loops_cross, minmay_door_square
D:3:      layout_loops_corners, shapermc_ecumenical_altar_mp_urbaneastern,
          uniq_natasha

Action                   || total
-------------------------++-------
Melee: Unarmed           ||    33
       Tailslap          ||     7
       Flail             ||     7
       Punch             ||     1
 Cast: Magic Dart        ||    46
Armor: Skin              ||    19
Dodge: Dodged            ||    42
